 Dungeon Crawl Stone Soup version 0.24.1-8-ga250c9d538 (webtiles) character file.

Game seed: 1766931368169793335, levelgen mode: deterministic

108 Descartes the Magician (level 4, -15/24 HPs)
             Began as a Deep Elf Air Elementalist on Apr 28, 2020.
             Demolished by a two-headed ogre
             ... wielding a +0 dire flail
              (25 damage)
             ... on level 3 of the Dungeon.
             The game lasted 00:04:33 (2948 turns).

Descartes the Magician (Deep Elf Air Elementalist)  Turns: 2948, Time: 00:04:35

Health: -15/24     AC:  2    Str:  5    XL:     4   Next: 58%
Magic:  8/11       EV: 13    Int: 21    God:
Gold:   103        SH:  0    Dex: 15    Spells: 9/10 levels left

rFire    . . .     SeeInvis .   m - +2 falchion (slice)
rCold    . . .     Gourm    .   (no shield)
rNeg     . . .     Faith    .   a - +0 robe
rPois    .         Spirit   .   (no helmet)
rElec    .         Reflect  .   (no cloak)
rCorr    .         Harm     .   (no gloves)
MR       .....                  (no boots)
Stlth    ++........             (no amulet)
HPRegen  0.08/turn              (no ring)
MPRegen  0.12/turn              (no ring)

@: no status effects
A: no striking features
a: no special abilities


You were on level 3 of the Dungeon.
You were not hungry.

You visited 1 branch of the dungeon, and saw 3 of its levels.

You collected 103 gold pieces.

Inventory:

Hand Weapons
 b - a +0 dagger
 m - a +2 falchion of slicing (weapon)
Missiles
 e - 80 stones (quivered)
 g - 31 arrows
 j - 9 boomerangs
Armour
 a - a +0 robe (worn)
Scrolls
 d - a scroll of magic mapping {unknown}
 h - a scroll of blinking {unknown}
 n - a scroll of teleportation {unknown}
 o - a scroll of immolation {unknown}
 p - a scroll of identify {unknown}
Potions
 f - a potion of agility {unknown}
 i - a potion of resistance {unknown}
 l - 3 potions of curing {unknown}
Comestibles
 c - 4 rations


   Skills:
 + Level 3.3 Dodging
 + Level 3.4 Stealth
 + Level 3.9 Spellcasting
 + Level 2.2 Conjurations
 + Level 3.6 Air Magic


You had 9 spell levels left.
You knew the following spells:

 Your Spells              Type           Power        Failure   Level  Hunger
a - Shock                 Conj/Air       ###.         3%          1    None

Your spell library contained the following spells:

 Spells                   Type           Power        Failure   Level  Hunger
 Swiftness                Chrm/Air       ##......     9%          2    #......
 Static Discharge         Conj/Air       ###.....     11%         3    ###....
 Airstrike                Air            ###.......   26%         4    ####...
 Lightning Bolt           Conj/Air       ###.......   69%         5    ######.


Dungeon Overview and Level Annotations

Branches:
Dungeon (3/15)

Altars:
Elyvilon
Hepliaklqana
Kikubaaqudgha
Nemelex Xobeh
Okawaru
Sif Muna
Xom
Yredelemnul
Zin


Message History

The two-headed ogre shouts in stereo!
The zap hits the two-headed ogre.
The two-headed ogre is lightly wounded.
Casting: Shock (safe; 3% risk of failure)
Confirm with . or Enter, or press ? or * to list all spells.
Aiming: Shock (safe; 3% risk of failure)
Press: ? - help, Shift-Dir - straight line The zap hits the two-headed ogre.
The two-headed ogre is lightly wounded.
Casting: Shock (safe; 3% risk of failure)
Confirm with . or Enter, or press ? or * to list all spells.
Aiming: Shock (safe; 3% risk of failure)
Press: ? - help, Shift-Dir - straight line The zap hits the two-headed ogre.
The two-headed ogre is moderately wounded.
The two-headed ogre hits you with a +0 dire flail!
Ouch! That really hurt!
The two-headed ogre hits you with a +0 giant spiked club!!
Ouch! That really hurt!
You die...

#....# #..... #..... #.....
#..... +..... #..... #....#
#..... #....# #. ####.# #....#
#... #.# #..O.# #.. #.# #######
#@######.. #.# ......# #......#..
#.#
#####.###############.#.#######.#
#................##.#.........#
#.#.###..........##.#......#..#
#.#...'..........##.#.........# #
#.#.#.#..........##.....#...... #
#.#.#.#..........##.....#.##.## #
#.#.#.#..........##.....#..#.#


You could see a two-headed ogre.

Vanquished Creatures
  3 adders (D:2)
  2 worms
  A leopard gecko (D:3)
  6 orcs (D:3)
  6 bats
  3 giant cockroaches
  5 hobgoblins
  4 jackals (D:1)
  4 frilled lizards
  10 goblins
  11 kobolds
  A quokka skeleton (D:2)
  12 rats
68 creatures vanquished.

Notes
Turn   | Place    | Note
-------+----------+-------------------------------------------
     0 | D:1      | Descartes the Deep Elf Air Elementalist began the quest for
                  | the Orb.
     0 | D:1      | Reached XP level 1. HP: 10/10 MP: 6/6
   427 | D:1      | Reached XP level 2. HP: 15/15 MP: 6/8
  1164 | D:1      | Reached XP level 3. HP: 15/19 MP: 3/9
  1248 | D:2      | Found an ancient bone altar of Kikubaaqudgha.
  1248 | D:2      | Found a glowing silver altar of Zin.
  1275 | D:2      | Found a hazy altar of Hepliaklqana.
  1277 | D:2      | Found a shimmering blue altar of Sif Muna.
  1606 | D:2      | Found a bloodstained altar of Trog.
  1608 | D:2      | Found a radiant altar of Vehumet.
  1608 | D:2      | Found a shimmering altar of Xom.
  1610 | D:2      | Found a shimmering altar of Xom.
  1610 | D:2      | Found an iron altar of Okawaru.
  1610 | D:2      | Found a white marble altar of Elyvilon.
  1834 | D:2      | Reached XP level 4. HP: 24/24 MP: 1/11
  2039 | D:2      | Found a basalt altar of Yredelemnul.
  2385 | D:3      | Found a sparkling altar of Nemelex Xobeh.
  2945 | D:3      | Noticed a two-headed ogre
  2948 | D:3      | Demolished by a two-headed ogre

Levels and vault maps discovered:
D:1:      dpeg_arrival_solitude, layout_loops_ring, minmay_rat_gold_closets
D:2:      layout_basic, nicolae_overflow_crystal_walls,
          grunt_temple_overflow_open, doesnt_xom_only_xom
D:3:      layout_basic, nemelex_xobeh_ov_fountains_minmay

Skill      XL: |  1  2  3 |
---------------+----------+-----
Stealth        | 3 |  3.4
Dodging        | 3 |  3.3
Conjurations   | 2 |  2.2
Spellcasting   | |  3.9
Air Magic      | |  3.6

Action                   |  1- 3 |  4- 6 || total
-------------------------+-------+-------++-------
 Cast: Shock             |    90 |    48 ||   138
  Eat: Chunk             |     3 |     3 ||     6
Armor: Robe              |       |     2 ||     2
Dodge: Dodged            |    12 |     2 ||    14
       Rpst.: Falchion   |       |     1 ||     1
